 Dungeon Crawl Stone Soup version 0.26.0-18-gc5c842f807 (webtiles) character file.

Game seed: 13009307261803757995

52 inqbanana the Skirmisher (level 3, -16/40 HPs)
             Began as an Ogre Chaos Knight on Jan 22, 2021.
             Was a Plaything of Xom.
             Killed from afar by an ice dragon (glowing shapeshifter) (29 damage)
             ... with a blast of cold
             ... on level 2 of the Dungeon.
             The game lasted 00:01:30 (1606 turns).

inqbanana the Skirmisher (Ogre Chaos Knight)        Turns: 1606, Time: 00:01:31

Health: -16/40     AC:  5    Str: 16    XL:     3   Next: 85%
Magic:  3/3        EV: 10    Int: 13    God:    Xom [*.....]
Gold:   136        SH:  0    Dex:  9    Spells: 2/2 levels left

rFire    . . .     SeeInvis .   a - +0 mace (chaos)
rCold    . . .     Faith    .   (no shield)
rNeg     . . .     Spirit   .   b - +2 robe
rPois    .         Reflect  .   (helmet restricted)
rElec    .         Harm     .   (no cloak)
rCorr    .         Rampage  .   (gloves unavailable)
Will     .....                  (boots unavailable)
Stlth    +.........             (no amulet)
HPRegen  0.13/turn              (no ring)
MPRegen  0.08/turn              (no ring)

@: attractive
A: large, unfitting armour, tough skin 1
a: Renounce Religion


You were on level 2 of the Dungeon.
You worshipped Xom.
You were a special plaything of Xom.
You visited 1 branch of the dungeon, and saw 2 of its levels.

You collected 136 gold pieces.

Inventory:

Hand Weapons
 a - a +0 mace of chaos (weapon)
Armour
 b - a +2 robe (worn)
Jewellery
 g - a cursed ring of resist corrosion {unknown}
Scrolls
 c - a scroll of fear {unknown}
 d - 4 scrolls of enchant armour {unknown}
 i - 2 scrolls of identify {unknown}
 j - a scroll of remove curse {unknown}
 l - a scroll of random uselessness {unknown}
 o - a scroll of teleportation {unknown}
 p - a scroll of immolation {unknown}
Potions
 f - a potion of curing
 h - a potion of cancellation {unknown}
 k - a potion of ambrosia {unknown}
 m - a potion of might {unknown}
 n - a potion of mutation {unknown}


   Skills:
 + Level 4.5 Fighting
 * Level 3.3 Maces & Flails
 + Level 1.0 Armour
 + Level 2.5 Dodging


You had 2 spell levels left.
You didn't know any spells.
Your spell library was empty.

Dungeon Overview and Level Annotations

Branches:
Dungeon (2/15)

Altars:


Innate Abilities, Weirdness & Mutations

You are too large for most types of armour.
You have tough skin. (AC +1)


Message History

The hobgoblin closely misses you.
The leopard gecko bites you but does no damage.
You're too confused to move!
The bunyip changes into an ice dragon!
The leopard gecko barely misses you.
The hobgoblin hits you but does no damage.
Okay, then.
It was a potion of attraction.
You feel attractive to monsters. The leopard gecko bites you.
* * * LOW HITPOINT WARNING * * *
The dart slug is pulled toward you!
It was a potion of curing.
You feel better.
Xom thinks this is hilarious!
The hobgoblin barely misses you.
The leopard gecko bites you but does no damage.
The ice dragon breathes frost at you. The blast of cold hits you!!
Ouch! That really hurt!
You die...
Xom chuckles heartily!

# # #### .## . ... #
...# # #.#####......
##...D##......##
####...wl@.....##.
.........g##....#.##
.###)..............#
...>........###....#
.............#
#.......
.##.##.....#.#
#......## .>.
#.....#.......#..#
##
.....[#.#........#
...#...#.####.## .#


You could see an ice dragon shaped shifter (catching breath), a dart slug, a
leopard gecko and a hobgoblin.

Vanquished Creatures
  2 worms (D:2)
  2 dart slugs (D:1)
  2 leopard geckos
  3 giant cockroaches
  2 goblins
  6 hobgoblins
  4 jackals (D:1)
  A ball python (D:1)
  6 bats
  2 frilled lizards (D:2)
  4 kobolds
  4 rats
38 creatures vanquished.

Notes
Turn   | Place    | Note
-------+----------+-------------------------------------------
     0 | D:1      | inqbanana the Ogre Chaos Knight began the quest for the
                  | Orb.
     0 | D:1      | Reached XP level 1. HP: 24/24 MP: 1/1
   287 | D:1      | Reached XP level 2. HP: 28/32 MP: 2/2
   346 | D:1      | XOM: smoke on damage
   567 | D:1      | XOM: silly message
   573 | D:1      | Reached XP level 3. HP: 40/40 MP: 3/3
   785 | D:1      | XOM: noise
  1276 | D:2      | XOM: noise
  1514 | D:2      | Reached skill level 1 in Armour
  1591 | D:2      | XOM: 5-stop teleportation journey
  1595 | D:2      | Noticed a glowing shapeshifter
  1595 | D:2      | a goblin changed into a glowing shapeshifter
  1595 | D:2      | XOM: polymorph goblin -> glowing shapeshifter
  1595 | D:2      | Noticed a shining eye
  1595 | D:2      | a glowing shapeshifter changed into a shining eye
  1597 | D:2      | Noticed an anaconda
  1597 | D:2      | a shining eye changed into an anaconda
  1601 | D:2      | XOM: confusion
  1601 | D:2      | Noticed a bunyip
  1601 | D:2      | an anaconda changed into a bunyip
  1604 | D:2      | Noticed an ice dragon
  1604 | D:2      | a bunyip changed into an ice dragon
  1606 | D:2      | Killed from afar by an ice dragon (glowing shapeshifter)

Illustrated notes

Levels and vault maps discovered:
D:1:      dpeg_arrival_ternary, layout_basic, grunt_decor_cap, fountainhead
D:2:      layout_loops_ring, grunt_temple_overflow_diamond, chequers_arboretum

Skill      XL: |  1  2  3 |
---------------+----------+-----
Maces & Flails | 3 |  3.3
Armour         | 1 |  1.0
Fighting       | |  4.5
Dodging        | |  2.5

Action                   || total
-------------------------++-------
Melee: Mace              ||   110
  Use: Potion            ||     2
Armor: Robe              ||    45
Dodge: Dodged            ||    74
